 Dungeon Crawl Stone Soup version 0.19-a0-1886-gd64a0f0 (webtiles) character file.

37 Alarkh the Charmwright (level 3, -2/27 HPs)
             Began as a Mummy Skald on Oct 15, 2016.
             Slain by a goblin
             ... wielding a +1 dagger of venom
             ... led by Robin
              (7 damage)
             ... on level 1 of the Dungeon.
             The game lasted 00:01:34 (1310 turns).

Alarkh the Charmwright (Mummy Skald)                Turns: 1310, Time: 00:01:35

Health: -2/27      AC:  4    Str: 15    XL:     3   Next: 21%
Magic:  0/6        EV: 11    Int: 12    God:
Gold:   74         SH:  0    Dex: 11    Spells: 3 memorised, 2 levels left

rFire  x . .     SeeInvis .     a - +0 spear
rCold  + . .     Gourm    .     b - +0 leather armour
rNeg   + + +     Faith    .     (no shield)
rPois  ∞         Spirit   .     (no helmet)
rElec  .         Dismiss  .     h - +0 cloak
rCorr  .         Reflect  .     (no gloves)
MR     .....     Harm     .     (no boots)
Stlth  +.........               (no amulet)
                                (no ring)
                                (no ring)

@: singing
A: no food or potions, fire vulnerability, cold resistance 1, negative energy
resistance 3, torment resistance, unbreathing
a: Stop Singing


You were on level 1 of the Dungeon.
You were not hungry.

You visited 1 branch of the dungeon, and saw 2 of its levels.

You collected 74 gold pieces.

Inventory:

Hand Weapons
 a - a +0 spear (weapon)
Armour
 b - a +0 leather armour (worn)
 h - a +0 cloak (worn)
Jewellery
 e - an uncursed ring of ice
Scrolls
 d - a scroll of identify {unknown}
 f - 2 scrolls of amnesia {unknown}
 g - a scroll of teleportation {unknown}
 i - a scroll of recharging {unknown}
Books
 c - a book of Battle

   Spells                             Type                      Level
   a - Infusion                       Charms                       1
   b - Shroud of Golubria             Charms/Translocation         2
   c - Song of Slaying                Charms                       2
   d - Spectral Weapon                Hexes/Charms                 3
   e - Regeneration                   Charms/Necromancy            3


   Skills:
 - Level 2.0 Fighting
 + Level 2.3 Polearms
 - Level 0.7 Armour
 - Level 0.7 Dodging
 + Level 2.5 Spellcasting
 + Level 2.7 Charms


You had 2 spell levels left.
You knew the following spells:

 Your Spells              Type           Power        Failure   Level  Hunger
a - Infusion              Chrm           #...         12%         1    N/A
b - Shroud of Golubria    Chrm/Tloc      #.........   28%         2    N/A
c - Song of Slaying       Chrm           #.......     17%         2    N/A

Dungeon Overview and Level Annotations

Branches:
Dungeon (2/15)

Altars:
Nemelex Xobeh

Annotations:
D:2 Robin


Innate Abilities, Weirdness & Mutations

You do not eat or drink.
Your flesh is vulnerable to fire.
You are immune to poison.
Your flesh is cold resistant. (rC+)
You are immune to negative energy. (rN+++)
You are immune to unholy pain and torment.
You can survive without breathing.


Message History

The goblin barely misses you.
The goblin hits you with a dagger of venom.
Your magical infusion is running out.
The goblin hits you with a dagger. The goblin closely misses you.
The goblin hits you but does no damage.
You climb upwards.
There is a stone staircase leading down here.
The goblin unwields an uncursed dagger.
The goblin wields a hunting sling.
The goblin shoots a stone.
The stone closely misses you.
The goblin hits you with a dagger of venom.
* * * LOW HITPOINT WARNING * * *
Items here: ( )))) ÷
Things that are here:
2 stones; a dagger You hit the goblin.
You kill the goblin!
You miss the goblin.
You are no longer magically infusing your attacks.
The goblin hits you with a dagger of venom!
You die...

⌠####.%.....#.# #.# ##########[
##............# #.# #..#.......
####.......#..# #.# #.#........
## #.###+###..# #.# ##.......#.
## #.# #.# #..# #.# #......#.#.
####'###'###.)# #.# #.....##.#.
##........##..# #.###.......⌠#.
##...........>#####...#..#######.
##...........(gg@..(#...........<
..........#############..#######.
..(.......# #.......⌠#.
..........# #...(.##.#.
..........# #......#.#.
..........# ##.......#.
..........# #.#........
..........# #..#.......
..........# ##########.


You could see 2 goblins.

Vanquished Creatures
  3 dart slugs (D:1)
  10 goblins
  4 hobgoblins (D:1)
  6 kobolds
  3 bats (D:1)
  2 frilled lizards
28 creatures vanquished.

Vanquished Creatures (others)
  A bat (D:1)
1 creature vanquished.

Grand Total: 29 creatures vanquished

Notes
Turn   | Place    | Note
-------+----------+-------------------------------------------
     0 | D:1      | Alarkh the Mummy Skald began the quest for the Orb.
     0 | D:1      | Reached XP level 1. HP: 16/16 MP: 3/3
    98 | D:1      | Reached XP level 2. HP: 13/22 MP: 5/5
   102 | D:1      | Learned a level 2 spell: Song of Slaying
   105 | D:1      | Learned a level 2 spell: Shroud of Golubria
   706 | D:1      | Found a sparkling altar of Nemelex Xobeh.
   863 | D:2      | Noticed Robin
  1124 | D:1      | Reached XP level 3. HP: 14/27 MP: 3/6
  1310 | D:1      | Slain by a goblin

Vault maps used:
D:1:      matt_arrival_grand_opening, nemelex_altar_shiori
D:2:      guppyfry_early_orc_mine, uniq_robin, uniq_terence

Skill      XL: |  1  2 |
---------------+-------+-----
Polearms       | 2 |  2.3
Fighting       | |  2.0
Armour         | |  0.7
Dodging        | |  0.7
Spellcasting   | |  2.5
Charms         | |  2.7

Action                   || total
-------------------------++-------
Melee: Spear             ||    81
 Cast: Infusion          ||     8
       Song of Slaying   ||     4
       Shroud of Golubri ||     2
 Stab: Sleeping          ||     1
Armor: Leather armour    ||    14
Dodge: Dodged            ||    41
